AoeStats
← rOkEt1821

Arena

510464400Analyzed
1v1 RM · 12h ago on Oct 1, 2026· 41m 50s· 2 players
Game mode
Random Map
Map size
Tiny (2 player)
Population
200
Speed
Normal
Resources
Standard
Victory
Conquest
Starting age
Dark Age
Ending age
Imperial Age
RankedLock teamsTeams togetherTeam positionsShared explorationLock speedFull tech treeHidden civsTurbo modeCheats
Victory
Defeat
🇨🇴 Portuguese · Colombia
392
+19
🇨🇴 Spanish · Colombia
453
-19
Willy River4
11:32 Feudal Age
12:21 Double-Bit Axe
13:27 Gold Mining
16:44 Stone Mining
21:51 Castle Age
23:32 Bow Saw
25:47 Stone Shaft Mining
34:46 Imperial Age
33:55 Husbandry
34:51 Horse Collar
37:49 Elite Organ Gun
rOkEt1821
11:30 Feudal Age
11:57 Double-Bit Axe
11:55 Horse Collar
13:25 Wheelbarrow
21:33 Castle Age
20:49 Scale Mail Armor
22:09 Forging
22:32 Hand Cart
22:19 Heavy Plow
22:35 Bow Saw
21:52 Pikeman
22:47 Squires
23:17 Fletching
24:14 Bodkin Arrow
26:38 Stone Mining
27:03 Gold Mining
29:22 Padded Archer Armor
30:52 Stone Shaft Mining
30:43 Husbandry
33:28 Scale Barding Armor
35:28 Iron Casting
40:36 Masonry
41:40 Ballistics
Connection lost

Rejoining the realm…

Still unreachable

The connection could not be restored.

Session expired

The server has moved on; the page needs a fresh start.